[Event "Titled Tuesday Blitz June 22 2021"]
[White "Tari, Aryan"]
[Black "Willow, Jonah B"]
[WhiteFideId "1510045"]
[BlackFideId "438804"]
[WhiteElo "2656"]
[BlackElo "2261"]
[Result "1-0"]
[Round "04"]
[TimeControl "180+1"]
[Date "2021.06.22"]
[WhiteClock "0:00:16"]
[BlackClock "0:00:04"]

1. c4 c5 2. g3 Nc6 3. Bg2 g6 4. Nc3 Bg7 5. d3 e6 6. h4 h6 7. h5 g5 8. f4 gxf4 9. Bxf4 Nge7 10. Qd2 e5 11. Be3 Nf5 12. Bxc5 Nxg3 13. Nb5 Bf8 14. Bxf8 Kxf8 15. Rh3 Nf5 16. O-O-O d6 17. Rf1 Nfd4 18. Bd5 Be6 19. Bxe6 Nxe6 20. Rhf3 Ng5 21. Rf6 d5 22. Nd6 Rh7 23. Nh3 Nxh3 24. Rxf7+ Kg8 25. Rxh7 Kxh7 26. Rf7+ Kg8 27. Qxh6 Qg5+ 28. Qxg5+ Nxg5 29. Rxb7 dxc4 30. h6 Rd8 31. Nf5 Ne6 32. h7+ Kh8 33. Nh6 Ng5 34. dxc4 Rc8 35. b3 Nxh7 36. Nf7+ Kg8 37. Nd6 Rb8 38. Rc7 Nd4 39. e3 Ne6 40. Rxa7 Nhg5 41. Kb2 Rd8 42. Ra6 Nc5 43. Rc6 Nd3+ 44. Kc3 e4 45. c5 Ne5 46. Ra6 Ne6 47. b4 Ng4 48. Nxe4 Nxe3 49. Rxe6 Nd5+ 50. Kc4 Nf4 51. Rd6 Re8 52. Nf6+ 1-0


[Site "https://www.chess.com"]

[Event "Titled Tuesday Blitz June 22 2021"]
[White "Tristan, Leonardo"]
[Black "Bluebaum, Matthias"]
[WhiteFideId "113816"]
[BlackFideId "24651516"]
[WhiteElo "2404"]
[BlackElo "2685"]
[Result "1-0"]
[Round "04"]
[TimeControl "180+1"]
[Date "2021.06.22"]
[WhiteClock "0:00:12"]
[BlackClock "0:00:03"]

1. d4 Nf6 2. Bg5 d5 3. e3 c5 4. c3 Nc6 5. Nd2 Qb6 6. Bd3 e5 7. Ne2 cxd4 8. exd4 e4 9. Bc2 Be7 10. O-O h6 11. Bxf6 Bxf6 12. f3 exf3 13. Rxf3 Bg5 14. Nb3 Bg4 15. Rg3 Be6 16. Nc5 Ne7 17. Ba4+ Kd8 18. b4 Nf5 19. Rf3 Nd6 20. h3 Qc7 21. Bb3 b6 22. Nd3 Nc4 23. Nef4 Re8 24. Bxc4 dxc4 25. Ne5 Bxf4 26. Rxf4 f6 27. d5 Kc8 28. Rxc4 fxe5 29. Rxc7+ Kxc7 30. dxe6 Rxe6 31. Qd5 Rd8 32. Qxe6 1-0


[Site "https://www.chess.com"]

[Event "Titled Tuesday Blitz June 22 2021"]
[White "Tsaruk, Maksim"]
[Black "Visakh N R"]
[WhiteFideId "13511173"]
[BlackFideId "25012223"]
[WhiteElo "2197"]
[BlackElo "2428"]
[Result "1/2-1/2"]
[Round "04"]
[TimeControl "180+1"]
[Date "2021.06.22"]
[WhiteClock "0:00:06"]
[BlackClock "0:00:07"]

1. e4 c5 2. Nf3 Nc6 3. d4 cxd4 4. Nxd4 Nf6 5. Nc3 e5 6. Ndb5 d6 7. Bg5 a6 8. Na3 b5 9. Nd5 Be7 10. Bxf6 Bxf6 11. c3 O-O 12. Nc2 Bg5 13. a4 bxa4 14. Rxa4 a5 15. Bc4 Be6 16. O-O Ne7 17. Nxe7+ Qxe7 18. Bxe6 Qxe6 19. Na3 Rfd8 20. Qd5 Qxd5 21. exd5 Rdb8 22. Nc4 Be7 23. Rfa1 Bd8 24. g3 Bc7 25. b4 Rb5 26. Nxa5 Rxd5 27. Nc4 Rf8 28. Ra7 Bd8 29. Rd7 Rd3 30. Ra3 h5 31. Rxd6 e4 32. b5 Be7 33. Rxd3 exd3 34. Ra7 Bf6 35. Rd7 Rc8 36. Ne3 Rxc3 37. Kg2 Rb3 38. Nd5 Be5 39. f4 Bf6 40. Nxf6+ gxf6 41. Kf3 Rxb5 42. Rxd3 Kg7 43. h3 Ra5 44. g4 hxg4+ 45. hxg4 f5 46. gxf5 Rxf5 47. Ke4 Ra5 48. Rg3+ Kf6 1/2-1/2


[Site "https://www.chess.com"]

[Event "Titled Tuesday Blitz June 22 2021"]
[White "Vignesh, N R"]
[Black "Rojas Alarcon, Julian Antonio"]
[WhiteFideId "25012215"]
[BlackFideId "5107407"]
[WhiteElo "2401"]
[BlackElo "2333"]
[Result "1-0"]
[Round "04"]
[TimeControl "180+1"]
[Date "2021.06.22"]
[WhiteClock "0:00:13"]
[BlackClock "0:00:02"]

1. d4 Nf6 2. Nf3 e6 3. e3 b6 4. Bd3 Bb7 5. O-O d6 6. Qe2 Nbd7 7. e4 e5 8. a4 a5 9. b3 Be7 10. Bb2 exd4 11. Nxd4 O-O 12. Nf5 Re8 13. Nxe7+ Rxe7 14. Nd2 Qf8 15. f3 Rae8 16. Qf2 d5 17. exd5 Nxd5 18. Ba3 c5 19. Nc4 Nf4 20. Bxh7+ Kxh7 21. Qh4+ Kg8 22. Qxf4 Re6 23. Qc7 Bc6 24. Nxb6 Nxb6 25. Qxb6 Bxf3 26. Qxc5 Qxc5+ 27. Bxc5 Be4 28. c3 Rg6 29. Rf2 Bd5 30. b4 Rc8 31. h3 Rg3 32. Rc1 Bb3 33. Kh2 Rd3 34. Rf3 Rxf3 35. gxf3 axb4 36. cxb4 Bxa4 37. h4 Bc6 38. Kg3 Ra8 39. Rc3 Ra2 40. h5 Rb2 41. Bd4 Rxb4 42. Bxg7 Kxg7 43. Rxc6 Ra4 44. f4 Ra1 45. Kg4 Rg1+ 46. Kf5 Rh1 47. h6+ Kg8 48. Rc8+ Kh7 49. Kf6 Rxh6+ 50. Kxf7 Rh5 51. Kf6 Ra5 52. Re8 Ra6+ 53. Re6 Ra5 54. f5 Kg8 55. Re8+ Kh7 56. Ke6 Ra1 57. f6 Re1+ 58. Kf7 Ra1 59. Kf8 Kg6 60. f7 Ra6 61. Kg8 1-0


[Site "https://www.chess.com"]

[Event "Titled Tuesday Blitz June 22 2021"]
[White "Zubov, Alexander"]
[Black "Pakleza, Zbigniew"]
[WhiteFideId "14109409"]
[BlackFideId "1119290"]
[WhiteElo "2740"]
[BlackElo "2526"]
[Result "1-0"]
[Round "04"]
[TimeControl "180+1"]
[Date "2021.06.22"]
[WhiteClock "0:01:49"]
[BlackClock "0:00:20"]

1. e4 d6 2. d4 Nf6 3. Bd3 e5 4. c3 d5 5. dxe5 dxe4 6. Bb5+ c6 7. Qxd8+ Kxd8 8. Bc4 Ng4 9. Bf4 Bc5 10. Nh3 Nd7 11. Nd2 Ndxe5 12. O-O-O Ke7 13. Nxe4 Bb6 14. Bb3 Bf5 15. Rhe1 f6 16. f3 Nh6 17. Nxf6 gxf6 18. Bxh6 Rad8 19. f4 Rxd1+ 20. Bxd1 1-0


[Site "https://www.chess.com"]

[Event "Titled Tuesday Blitz June 22 2021"]
[White "Abrashkin, Boris"]
[Black "Adelman, Charles"]
[WhiteFideId "4120582"]
[BlackFideId "2003597"]
[WhiteElo "2600"]
[BlackElo "2282"]
[Result "1-0"]
[Round "05"]
[TimeControl "180+1"]
[Date "2021.06.22"]
[WhiteClock "0:00:02"]
[BlackClock "0:00:02"]

1. d4 Nf6 2. c4 e6 3. Nc3 c5 4. d5 exd5 5. cxd5 d6 6. Nf3 g6 7. Bf4 a6 8. a4 Bg7 9. h3 O-O 10. e3 Ne8 11. Nd2 Nd7 12. Nc4 Nb6 13. Na3 Bd7 14. a5 Nc8 15. Nc4 Bb5 16. Qb3 Bxc4 17. Bxc4 b5 18. axb6 Nxb6 19. Rxa6 Rb8 20. O-O Nxc4 21. Qxc4 Rxb2 22. Nb5 Rb4 23. Qe2 Qd7 24. Rc6 Be5 25. Bxe5 dxe5 26. Rxc5 Nf6 27. Rd1 Rb8 28. Nc3 e4 29. d6 R8b6 30. Rc7 Qd8 31. d7 Rb8 32. Ra7 Kg7 33. Qa2 R4b7 34. Qa6 Rxd7 35. Rdxd7 Nxd7 36. Qd6 Nf6 37. Qe5 Qe8 38. Qd4 Rd8 39. Qc4 Rc8 40. Qd4 Rd8 41. Qb4 Rb8 42. Qc5 Rc8 43. Rc7 Rxc7 44. Qxc7 Qe6 45. Qf4 h5 46. Ne2 Qe7 47. Ng3 Qb7 48. Qe5 Qb1+ 49. Kh2 Qb3 50. Nxe4 1-0


[Site "https://www.chess.com"]

[Event "Titled Tuesday Blitz June 22 2021"]
[White "Ahmadzada, Ahmad"]
[Black "Tari, Aryan"]
[WhiteFideId "13413007"]
[BlackFideId "1510045"]
[WhiteElo "2226"]
[BlackElo "2656"]
[Result "0-1"]
[Round "05"]
[TimeControl "180+1"]
[Date "2021.06.22"]
[WhiteClock "0:00:25"]
[BlackClock "0:02:13"]

1. e4 c5 2. Nf3 Nc6 3. Nc3 e5 4. Bc4 Be7 5. d3 Nf6 6. Nd2 d6 7. Nf1 Be6 8. Ne3 Nd7 9. Ned5 O-O 10. O-O a6 11. a4 Rc8 12. f4 exf4 13. Bxf4 Nde5 14. Ba2 Bg5 15. Bg3 Nd4 16. Kh1 b5 17. axb5 axb5 18. Nb1 Bg4 19. Qe1 Nxc2 20. Qf2 Nxa1 21. Bxe5 dxe5 22. Nbc3 b4 0-1


[Site "https://www.chess.com"]

[Event "Titled Tuesday Blitz June 22 2021"]
[White "Aitbayev, Aslan"]
[Black "Guliev, Logman"]
[WhiteFideId "13704613"]
[BlackFideId "13400061"]
[WhiteElo "2417"]
[BlackElo "2128"]
[Result "0-1"]
[Round "05"]
[TimeControl "180+1"]
[Date "2021.06.22"]
[WhiteClock "0:00:04"]
[BlackClock "0:00:04"]

1. e4 c5 2. Nf3 d6 3. d4 cxd4 4. Nxd4 Nf6 5. Nc3 a6 6. Be3 e5 7. Nb3 Be6 8. f3 Nbd7 9. Qd2 Nb6 10. O-O-O Be7 11. g4 O-O 12. g5 Nh5 13. Kb1 Qc7 14. Rg1 g6 15. Nd5 Nxd5 16. exd5 Bf5 17. Bd3 Bxd3 18. Qxd3 Rac8 19. Nd2 Rfe8 20. Rg4 Bf8 21. Ne4 Bg7 22. a3 b5 23. Rh4 Nf4 24. Bxf4 exf4 25. Rxf4 Re5 26. h4 Rxd5 27. Qe2 Rxd1+ 28. Qxd1 Be5 29. Nf6+ Kg7 30. Nd5 Qc5 31. Re4 Kh8 32. f4 Bg7 33. Re7 Kg8 34. Qd3 Qf2 35. Re2 Qg1+ 36. Ka2 Rf8 37. f5 Be5 38. Nf6+ Bxf6 39. gxf6 Qg4 40. fxg6 hxg6 41. Re4 Qf5 42. Qd4 Rc8 43. c3 Kh7 44. Rf4 Qe6+ 45. Ka1 Rc4 46. Qd2 Rc5 47. Rd4 Re5 48. Qc2 Re1+ 49. Rd1 Rxd1+ 50. Qxd1 Qxf6 51. Qd5 Kg7 52. h5 g5 53. Qe4 Qf1+ 54. Ka2 Qc4+ 55. Qxc4 bxc4 56. Kb1 g4 57. Kc2 g3 0-1


[Site "https://www.chess.com"]

[Event "Titled Tuesday Blitz June 22 2021"]
[White "Alavi, Sayed Javad"]
[Black "Zhigalko, Sergei"]
[WhiteFideId "12500607"]
[BlackFideId "13502956"]
[WhiteElo "2495"]
[BlackElo "2662"]
[Result "0-1"]
[Round "05"]
[TimeControl "180+1"]
[Date "2021.06.22"]
[WhiteClock "0:00:46"]
[BlackClock "0:00:20"]

1. Nf3 d5 2. d4 e6 3. c4 c6 4. e3 Bd6 5. Bd3 f5 6. O-O Nf6 7. b3 Qe7 8. Nbd2 O-O 9. Ne5 b6 10. Ndf3 Bb7 11. Bb2 Ne4 12. cxd5 exd5 13. Rc1 c5 14. Be2 Nd7 15. Nxd7 Qxd7 16. Ne5 Qe7 17. f4 Rac8 18. Rc2 Rc7 19. Bd3 Rfc8 20. Qe2 Qe6 21. Rfc1 h6 22. Bxe4 fxe4 23. Rd1 a5 24. a4 Bxe5 25. fxe5 c4 0-1


[Site "https://www.chess.com"]

[Event "Titled Tuesday Blitz June 22 2021"]
[White "Balakrishnan, Praveen"]
[Black "Koellner, Ruben Gideon"]
[WhiteFideId "2064871"]
[BlackFideId "12993093"]
[WhiteElo "2237"]
[BlackElo "2540"]
[Result "1-0"]
[Round "05"]
[TimeControl "180+1"]
[Date "2021.06.22"]
[WhiteClock "0:00:19"]
[BlackClock "0:00:02"]

1. b4 d6 2. Bb2 e6 3. c4 e5 4. e3 f5 5. Nc3 Nf6 6. Be2 c6 7. d4 e4 8. Nh3 g6 9. b5 Bg7 10. Ba3 O-O 11. bxc6 bxc6 12. O-O Be6 13. Rb1 Qc7 14. d5 cxd5 15. Nb5 Qa5 16. Bxd6 Rc8 17. Nf4 Bf7 18. Bb4 Qxa2 19. Ra1 Qb2 20. Bc3 Qxb5 21. cxb5 Rxc3 22. Rc1 Rxc1 23. Qxc1 Nbd7 24. Qc6 Nb6 25. h4 h6 26. Ra1 g5 27. hxg5 hxg5 28. Nh3 Nh7 29. Qxb6 Bxa1 30. Qb7 Rd8 31. Qxa7 Be5 32. Nxg5 Nxg5 33. Qe7 Re8 34. Qxg5+ Kf8 35. Qxf5 d4 36. exd4 Bxd4 37. Qd7 Re7 38. Qd8+ Re8 39. Qxd4 e3 40. Qc5+ 1-0


[Site "https://www.chess.com"]

[Event "Titled Tuesday Blitz June 22 2021"]
[White "Berezin, Viktor"]
[Black "Ozen, Bahadir"]
[WhiteFideId "14107872"]
[BlackFideId "6337058"]
[WhiteElo "2310"]
[BlackElo "2503"]
[Result "0-1"]
[Round "05"]
[TimeControl "180+1"]
[Date "2021.06.22"]
[WhiteClock "0:00:17"]
[BlackClock "0:01:01"]

1. d4 c6 2. e4 d5 3. exd5 cxd5 4. c4 Nf6 5. Nc3 Nc6 6. Nf3 Bg4 7. cxd5 Nxd5 8. Qb3 Bxf3 9. gxf3 e6 10. Be3 Bb4 11. O-O-O Rc8 12. Kb1 O-O 13. Nxd5 Qxd5 14. Qxd5 exd5 15. a3 Bd6 16. Rc1 Ne7 17. Bd3 Rxc1+ 18. Kxc1 Rc8+ 19. Kd2 f5 20. Bg5 g6 21. h4 Nc6 22. Rc1 Rc7 23. Ke3 Kg7 24. h5 h6 25. Bh4 g5 26. Rg1 Bf4+ 27. Ke2 Nxd4+ 0-1


[Site "https://www.chess.com"]

[Event "Titled Tuesday Blitz June 22 2021"]
[White "Blit, Jacques"]
[Black "Holt, Conrad"]
[WhiteFideId "114839"]
[BlackFideId "2034387"]
[WhiteElo "2390"]
[BlackElo "2586"]
[Result "0-1"]
[Round "05"]
[TimeControl "180+1"]
[Date "2021.06.22"]
[WhiteClock "0:00:01"]
[BlackClock "0:00:02"]

1. e4 e6 2. d4 d5 3. exd5 exd5 4. Qf3 c5 5. Bb5+ Nc6 6. Ne2 Nf6 7. h3 Be7 8. O-O O-O 9. dxc5 Bxc5 10. Bg5 Ne5 11. Qf4 Ng6 12. Qf3 Be7 13. Nbc3 Be6 14. Nd4 h6 15. Bxf6 Bxf6 16. Nxe6 fxe6 17. Qg4 Kf7 18. Rfe1 Qd6 19. Rad1 Ne5 20. Qh5+ Kg8 21. Ne4 Qb6 22. Nxf6+ Rxf6 23. Rxe5 Qxb5 24. Rde1 Qd7 25. f4 Raf8 26. g3 Qc6 27. c3 Qb6+ 28. Kg2 Qxb2+ 29. R1e2 Qxc3 30. Rxe6 Rxe6 31. Rxe6 Qc2+ 32. Re2 Qf5 33. Qf3 d4 34. Qxb7 d3 35. Re7 Qf6 36. Rd7 Qc3 0-1


[Site "https://www.chess.com"]

[Event "Titled Tuesday Blitz June 22 2021"]
[White "Bluebaum, Matthias"]
[Black "Gritsenko, Nikolai"]
[WhiteFideId "24651516"]
[BlackFideId "14112493"]
[WhiteElo "2685"]
[BlackElo "2389"]
[Result "1-0"]
[Round "05"]
[TimeControl "180+1"]
[Date "2021.06.22"]
[WhiteClock "0:00:38"]
[BlackClock "0:00:15"]

1. d4 d5 2. c4 Nc6 3. Nc3 e6 4. Nf3 Nf6 5. Bg5 Bb4 6. e3 h6 7. Bxf6 Qxf6 8. Rc1 dxc4 9. Bxc4 O-O 10. O-O a6 11. a3 Bd6 12. h3 Rd8 13. Qc2 e5 14. Nd5 Qf5 15. Qxf5 Bxf5 16. dxe5 Bf8 17. Nxc7 Rac8 18. Nd5 b5 19. Ba2 Be6 20. e4 Na5 21. Nd4 Nc4 22. Bxc4 Rxc4 23. Rxc4 bxc4 24. Nc6 Rd7 25. Rd1 Rb7 26. Rd2 Kh7 27. Rc2 Rb5 28. Nd4 Rc5 29. Ne3 Rxe5 30. Nxe6 Rxe6 31. Rxc4 a5 32. b4 axb4 33. axb4 g6 34. Nd5 1-0


[Site "https://www.chess.com"]

[Event "Titled Tuesday Blitz June 22 2021"]
[White "Chyzy, Jakub"]
[Black "Solon, Nathan"]
[WhiteFideId "21806209"]
[BlackFideId "2017229"]
[WhiteElo "2013"]
[BlackElo "2611"]
[Result "1-0"]
[Round "05"]
[TimeControl "180+1"]
[Date "2021.06.22"]
[WhiteClock "0:00:47"]
[BlackClock "0:00:57"]

1. b3 e5 2. Bb2 Nc6 3. e3 d5 4. Bb5 Ne7 5. Bxe5 a6 6. Bxc6+ Nxc6 7. Bb2 Qg5 8. Qf3 Bg4 9. Qg3 Bd6 10. f4 Qg6 11. d3 Nb4 12. Kd2 Qh5 13. h3 Bd7 14. Qxg7 O-O-O 15. Qg5 Qxg5 16. fxg5 Rhg8 17. Nf3 Rde8 18. a3 Nc6 19. Nc3 d4 20. Ne4 dxe3+ 21. Kxe3 h6 22. Kf2 1-0


[Site "https://www.chess.com"]

[Event "Titled Tuesday Blitz June 22 2021"]
[White "David, Alexandru-Vasile"]
[Black "Le, Tuan Minh"]
[WhiteFideId "1223453"]
[BlackFideId "12401153"]
[WhiteElo "2404"]
[BlackElo "2450"]
[Result "1-0"]
[Round "05"]
[TimeControl "180+1"]
[Date "2021.06.22"]
[WhiteClock "0:00:08"]
[BlackClock "0:00:03"]

1. d4 d5 2. c4 c6 3. Nf3 Nf6 4. Nc3 a6 5. Qc2 dxc4 6. e4 Bg4 7. Bxc4 Bxf3 8. gxf3 e6 9. Be3 b5 10. Bb3 Nbd7 11. O-O c5 12. dxc5 Bxc5 13. Bxc5 Nxc5 14. Nxb5 Qe7 15. Rac1 Rc8 16. Nc3 O-O 17. Kh1 Nh5 18. Rg1 Qf6 19. Qe2 Rfd8 20. Bc4 g6 21. Qe3 a5 22. Rg4 Nd7 23. Ba6 Rb8 24. f4 Rxb2 25. Rd1 Nb8 26. Be2 Rxd1+ 27. Nxd1 Rxa2 28. e5 Qd8 29. f5 exf5 30. Rd4 Qe7 31. Bxh5 Nc6 32. Rc4 Nxe5 33. Rc8+ Kg7 34. Be2 Ra3 35. Rc3 f4 36. Qd4 Rxc3 37. Qxc3 Qb7+ 38. Kg1 f6 39. f3 Qb5 40. Bxb5 g5 41. Qc7+ Kh6 42. Be8 Nxf3+ 43. Kf2 Ne5 44. Qe7 Ng4+ 45. Kf3 Ne5+ 46. Ke4 Ng6 47. Qxf6 g4 48. Bxg6 1-0


[Site "https://www.chess.com"]

[Event "Titled Tuesday Blitz June 22 2021"]
[White "Demchenko, Anton"]
[Black "Nakamura, Hikaru"]
[WhiteFideId "4160258"]
[BlackFideId "2016192"]
[WhiteElo "2593"]
[BlackElo "2900"]
[Result "1/2-1/2"]
[Round "05"]
[TimeControl "180+1"]
[Date "2021.06.22"]
[WhiteClock "0:00:06"]
[BlackClock "0:00:17"]

1. e4 e5 2. Nf3 Nc6 3. Bc4 Bc5 4. d3 Nf6 5. Bg5 h6 6. Bh4 Be7 7. Bg3 d6 8. a4 Be6 9. Bxe6 fxe6 10. c3 O-O 11. O-O Qe8 12. Nbd2 Nh5 13. b4 Bf6 14. b5 Ne7 15. d4 exd4 16. cxd4 Ng6 17. Rc1 Qf7 18. Re1 Nxg3 19. hxg3 Bxd4 20. Nb3 Bf6 21. Qc2 Rac8 22. Na5 Rb8 23. Re2 Bd8 24. Nc4 Be7 25. Qb3 a6 26. Rd2 axb5 27. axb5 Rfd8 28. Ne3 Bf8 29. Rdc2 Rd7 30. Qa4 b6 31. Rc6 Re8 32. Qc2 Ree7 33. Nc4 Qe8 34. Qa2 Kh8 35. Qa7 Rd8 36. Rxc7 Rxc7 37. Qxc7 Rc8 38. Qxb6 Rb8 39. Qd4 e5 40. Qd2 Qxb5 41. Nxd6 Qd7 42. Nf5 Qxd2 43. Nxd2 Kg8 44. Nf3 Rb7 45. Rc8 Kf7 46. Ne3 Be7 47. Nc4 Rb1+ 48. Kh2 Bf6 49. Nd6+ Ke6 50. Nf5 Rb2 51. Kg1 Rb1+ 52. Kh2 Rb2 53. Kg1 Rb1+ 54. Kh2 1/2-1/2


[Site "https://www.chess.com"]

[Event "Titled Tuesday Blitz June 22 2021"]
[White "Donchenko, Alexander"]
[Black "Maly, Alexey"]
[WhiteFideId "24603295"]
[BlackFideId "14103184"]
[WhiteElo "2553"]
[BlackElo "2285"]
[Result "1-0"]
[Round "05"]
[TimeControl "180+1"]
[Date "2021.06.22"]
[WhiteClock "0:00:55"]
[BlackClock "0:00:22"]

1. c4 c5 2. g3 Nc6 3. Bg2 g6 4. Nc3 Bg7 5. Nf3 e6 6. d3 Nge7 7. Bg5 h6 8. Bd2 O-O 9. Rb1 Kh7 10. a3 a5 11. O-O b6 12. Ne1 Bb7 13. Nc2 d5 14. b4 axb4 15. axb4 dxc4 16. dxc4 Qd7 17. bxc5 bxc5 18. Ne4 Rad8 19. Qc1 Ba8 20. Rd1 Nd4 21. Nxd4 Bxe4 22. Bxe4 cxd4 23. Rb7 Qe8 24. Bb4 Rd7 25. Qa3 Rxb7 26. Bxb7 Bf6 27. Qa6 Rg8 28. c5 Nd5 29. Bxd5 exd5 30. Qxf6 Qxe2 31. Qxd4 Re8 32. Bc3 f6 33. Re1 1-0


[Site "https://www.chess.com"]

[Event "Titled Tuesday Blitz June 22 2021"]
[White "Dubov, Daniil"]
[Black "Pichot, Alan"]
[WhiteFideId "24126055"]
[BlackFideId "110973"]
[WhiteElo "2722"]
[BlackElo "2622"]
[Result "1-0"]
[Round "05"]
[TimeControl "180+1"]
[Date "2021.06.22"]
[WhiteClock "0:00:15"]
[BlackClock "0:00:04"]

1. d4 Nf6 2. c4 g6 3. Nf3 Bg7 4. Nc3 O-O 5. Bg5 c5 6. d5 d6 7. e3 Bf5 8. Bd3 Bxd3 9. Qxd3 Na6 10. O-O Nc7 11. e4 Nd7 12. Rfe1 a6 13. a4 Rb8 14. a5 b5 15. axb6 Rxb6 16. Re2 Re8 17. h4 Qb8 18. Qc2 Ne5 19. Nxe5 Bxe5 20. Ra3 Qb7 21. h5 Rb8 22. Nd1 Ne8 23. h6 Nf6 24. g3 Rb3 25. Ra2 Qd7 26. Kg2 Qg4 27. Be3 Nxe4 28. Rxa6 f5 29. Ra3 Nxg3 30. fxg3 Qxg3+ 31. Kf1 Qf3+ 32. Ke1 Rxa3 33. bxa3 f4 34. Bf2 Qh1+ 35. Kd2 f3 36. Re3 Qf1 37. Rxf3 Rf8 38. Rxf8+ Kxf8 39. Qd3 Qh1 40. Be3 Qg2+ 41. Nf2 Qg1 42. Ne4 Qa1 43. Qb3 1-0


[Site "https://www.chess.com"]

[Event "Titled Tuesday Blitz June 22 2021"]
[White "Durarbayli, Vasif"]
[Black "Manukyan, Sargis A."]
[WhiteFideId "13402935"]
[BlackFideId "13303970"]
[WhiteElo "2500"]
[BlackElo "2187"]
[Result "0-1"]
[Round "05"]
[TimeControl "180+1"]
[Date "2021.06.22"]
[WhiteClock "0:00:08"]
[BlackClock "0:01:48"]

1. e4 c5 2. Nf3 d6 3. Nc3 Nf6 4. d4 cxd4 5. Nxd4 g6 6. Be2 Bg7 7. Be3 O-O 8. Qd2 Nc6 9. O-O-O d5 10. Nxc6 bxc6 11. exd5 Nxd5 12. Nxd5 cxd5 13. Qxd5 Qc7 14. Qc5 Qb7 15. c3 Rb8 16. Rd2 Bf5 17. Bf3 Qa6 18. Qxa7 Qc4 19. Qa3 Bxc3 20. Kd1 Bxd2 21. Bxd2 Qc2+ 22. Ke2 Rxb2 23. Rd1 Rd8 24. Qe3 Rd6 25. Kf1 Rxd2 26. Re1 Rxf2+ 27. Kg1 Rxg2+ 0-1


[Site "https://www.chess.com"]

[Event "Titled Tuesday Blitz June 22 2021"]
[White "Ezat, Mohamed"]
[Black "Leiva, Gianmarco"]
[WhiteFideId "10600906"]
[BlackFideId "3804399"]
[WhiteElo "2414"]
[BlackElo "2365"]
[Result "1-0"]
[Round "05"]
[TimeControl "180+1"]
[Date "2021.06.22"]
[WhiteClock "0:01:27"]
[BlackClock "0:00:09"]

1. d4 Nf6 2. c4 e6 3. Nc3 Bb4 4. e3 O-O 5. a3 Bxc3+ 6. bxc3 d6 7. Bd3 e5 8. f3 e4 9. Bb1 Re8 10. Ra2 Nc6 11. Rf2 Na5 12. Ba2 c5 13. Ne2 b6 14. O-O Ba6 15. Ng3 d5 16. fxe4 Nxe4 17. Nxe4 Rxe4 18. Rxf7 Re7 19. Qh5 Kh8 20. Bb1 Re4 21. Bxe4 dxe4 22. Rxg7 1-0


[Site "https://www.chess.com"]

[Event "Titled Tuesday Blitz June 22 2021"]
[White "Firat, Burak"]
[Black "Kanyamarala, Tarun"]
[WhiteFideId "6305881"]
[BlackFideId "45004714"]
[WhiteElo "2531"]
[BlackElo "2086"]
[Result "1-0"]
[Round "05"]
[TimeControl "180+1"]
[Date "2021.06.22"]
[WhiteClock "0:00:18"]
[BlackClock "0:00:01"]

1. e4 c5 2. Nf3 Nc6 3. d4 cxd4 4. Nxd4 Nf6 5. Nc3 e5 6. Ndb5 d6 7. Nd5 Nxd5 8. exd5 Nb8 9. h4 Be7 10. h5 h6 11. c4 a6 12. Nc3 O-O 13. Be2 Nd7 14. Be3 Bg5 15. Qd2 f5 16. Bxg5 Qxg5 17. Qxg5 hxg5 18. g4 Nf6 19. gxf5 Bxf5 20. Nd1 b5 21. Ne3 Bd7 22. Rg1 bxc4 23. Nxc4 Nxd5 24. Nxd6 Rad8 25. Rxg5 Be6 26. Nb7 Rc8 27. Rxe5 Nf4 28. Nc5 Rf5 29. Rxf5 Bxf5 30. b4 Re8 31. O-O-O Rxe2 32. Rd4 Re1+ 33. Kb2 Rb1+ 34. Ka3 Ne2 35. Rd5 Bg4 36. Nxa6 Kh7 37. Nc7 Ra1 38. Kb2 Rxa2+ 39. Kxa2 Nc3+ 40. Kb3 Nxd5 41. Nxd5 Be6 42. Kc4 Kh6 43. Kc5 Bd7 44. b5 1-0


[Site "https://www.chess.com"]

[Event "Titled Tuesday Blitz June 22 2021"]
[White "Gabrielian, Artur"]
[Black "Kollars, Dmitrij"]
[WhiteFideId "4131002"]
[BlackFideId "12909572"]
[WhiteElo "2539"]
[BlackElo "2576"]
[Result "1-0"]
[Round "05"]
[TimeControl "180+1"]
[Date "2021.06.22"]
[WhiteClock "0:00:11"]
[BlackClock "0:00:03"]

1. e4 e5 2. Nc3 Nf6 3. g3 d5 4. exd5 Nxd5 5. Bg2 Nxc3 6. bxc3 Bc5 7. Nf3 Nc6 8. O-O O-O 9. Re1 Qf6 10. d3 Bg4 11. Rb1 Bb6 12. Be3 Rfe8 13. h3 Bh5 14. g4 Bg6 15. Nd2 Rad8 16. Ne4 Qe6 17. c4 Bxe3 18. fxe3 b6 19. Rf1 Nb8 20. h4 Qe7 21. h5 Bxe4 22. Bxe4 Nd7 23. Qf3 h6 24. Rf2 Nf6 25. Rbf1 Rd6 26. Qf5 Qe6 27. Qxe6 Rexe6 28. Bf5 Re7 29. Rb1 g6 30. Bc8 Re8 31. Rbf1 Kg7 32. Bb7 c6 33. Ba6 Re7 34. Rg2 Nd7 35. g5 hxg5 36. Rxg5 Nc5 37. Bc8 Rf6 38. h6+ Kxh6 39. Rxf6 Kxg5 40. Rxc6 f5 41. Kf2 Rh7 42. Kg3 f4+ 43. exf4+ exf4+ 44. Kg2 Re7 45. Kf2 Na4 46. Rd6 Nc3 47. Bb7 Nd1+ 48. Kf1 Ne3+ 49. Kf2 Ng4+ 50. Kf1 Re3 51. Be4 f3 52. Rxg6+ Kf4 53. Rg8 Kg3 54. Bf5 f2 55. Rxg4+ Kf3 56. Re4 Rxe4 57. Bxe4+ Ke3 58. Bh7 Kd2 59. d4 1-0


[Site "https://www.chess.com"]

[Event "Titled Tuesday Blitz June 22 2021"]
[White "Gaisinsky, Adam"]
[Black "Stoleriu, George"]
[WhiteFideId "2620561"]
[BlackFideId "1227505"]
[WhiteElo "1965"]
[BlackElo "2227"]
[Result "1-0"]
[Round "05"]
[TimeControl "180+1"]
[Date "2021.06.22"]
[WhiteClock "0:00:07"]
[BlackClock "0:00:32"]

1. d4 e6 2. Nf3 f5 3. g3 Nf6 4. Bg2 b6 5. O-O Bb7 6. c4 Be7 7. b3 O-O 8. Bb2 Qe8 9. Nbd2 Qh5 10. Ne5 Bxg2 11. Kxg2 d6 12. Nd3 g5 13. e3 Qh6 14. Rh1 Nbd7 15. h4 g4 16. Nf4 Nh5 17. Nf1 Ndf6 18. Nxe6 Rfc8 19. d5 Ne4 20. Nd2 Bf6 21. Qc2 Nxd2 22. Qxd2 c6 23. Bxf6 Nxf6 24. Rhd1 cxd5 25. cxd5 Ne4 26. Qd4 Rc2 27. Rf1 Rac8 28. a4 Qf6 29. Qxf6 Nxf6 30. Nd4 Rb2 31. Rab1 Rd2 32. Rfd1 Ra2 33. Nxf5 Ne4 34. Ne7+ Kf7 35. Nxc8 Nxf2 36. Rf1 1-0


[Site "https://www.chess.com"]

[Event "Titled Tuesday Blitz June 22 2021"]
[White "Gevorgyan, David Sh."]
[Black "Andreikin, Dmitry"]
[WhiteFideId "13303244"]
[BlackFideId "4158814"]
[WhiteElo "2255"]
[BlackElo "2782"]
[Result "0-1"]
[Round "05"]
[TimeControl "180+1"]
[Date "2021.06.22"]
[WhiteClock "0:00:02"]
[BlackClock "0:00:08"]

1. d4 Nf6 2. c4 e6 3. Nc3 Bb4 4. e3 O-O 5. a3 Bxc3+ 6. bxc3 c5 7. Bd3 Nc6 8. Ne2 d6 9. O-O e5 10. Ng3 Re8 11. dxc5 dxc5 12. e4 Be6 13. Be3 b6 14. f3 Na5 15. Qe2 Qc8 16. Rfb1 Qa6 17. Rb5 Red8 18. a4 Ne8 19. Nf5 Nc7 20. Ne7+ Kh8 21. Nd5 Nxb5 22. axb5 Qb7 23. Rb1 f6 24. f4 exf4 25. Bxf4 Qf7 26. e5 fxe5 27. Bxe5 Bxd5 28. Rf1 Qg8 29. cxd5 Rxd5 30. Rf5 Rad8 31. Bc2 Rd2 32. Qe4 Nc4 33. Rg5 Nxe5 0-1


[Site "https://www.chess.com"]